AAA
OKLAHOMA CITY WRANGLERS @ EVANSVILLE TRIPLETS
08/05/2052
 
TOP OF THE 1ST
El Paso Chihuahuas batting - Pitching for Reno Aces : RHP Luke Munson
Pitching: RHP Luke Munson
Batting: LHB Hayden Spease 0-0: Ground out U3 (Groundball, 3, EV 102.5 MPH)
Batting: LHB Oliver Barrett 0-0: Called Strike
0-1: Ball
1-1: Ball
2-1: Fly out, F8 (Flyball, 8RM, EV 91.2 MPH)
Batting: RHB D.J. Sayles 0-0: Called Strike
0-1: Ground out U3 (Groundball, 34, EV 80.6 MPH)
Top of the 1st over - 0 runs, 0 hits, 0 errors, 0 left on base; El Paso 0 - Reno 0
BOTTOM OF THE 1ST
Reno Aces batting - Pitching for El Paso Chihuahuas : RHP Jake Hollingshead
Pitching: RHP Jake Hollingshead
Batting: LHB Erik Long 0-0: Called Strike
0-1: Foul Ball, location: 2F
0-2: Ball
1-2: Strikes out swinging
Batting: RHB Tyler Russman 0-0: Called Strike
0-1: Foul Ball, location: 2F
0-2: Ball
1-2: SINGLE (Line Drive, 5D, EV 95.0 MPH)
Batting: LHB Tyler Lyon 0-0: Fly out, F8 (Line Drive, 8LM, EV 109.4 MPH)
Batting: RHB Simon Frank 0-0: Foul Ball, location: 2F
0-1: Foul Ball, location: 2F
0-2: Ball
1-2: Strikes out swinging
Bottom of the 1st over - 0 runs, 1 hit, 0 errors, 1 left on base; El Paso 0 - Reno 0
TOP OF THE 2ND
El Paso Chihuahuas batting - Pitching for Reno Aces : RHP Luke Munson
Batting: LHB Lorenzo Bustos 0-0: Swinging Strike
0-1: Foul Ball, location: 2F
0-2: Strikes out looking
Batting: LHB Hernando Rodríguez 0-0: Ball
1-0: Ball
2-0: Fly out, F8 (Flyball, 8RXD, EV 82.5 MPH)
Batting: RHB Shannan Bjork 0-0: Ball
1-0: Ground out 1-3 (Groundball, 34S, EV 61.9 MPH)
Top of the 2nd over - 0 runs, 0 hits, 0 errors, 0 left on base; El Paso 0 - Reno 0
BOTTOM OF THE 2ND
Reno Aces batting - Pitching for El Paso Chihuahuas : RHP Jake Hollingshead
Batting: LHB Zach Naquin 0-0: Called Strike
0-1: Called Strike
0-2: Ball
1-2: Strikes out swinging
Batting: LHB Richard Geller 0-0: Ground out U3 (Groundball, 34, EV 101.2 MPH)
Batting: RHB Glenn Finley 0-0: Called Strike
0-1: Ball
1-1: SOLO HOME RUN (Flyball, 78XD, EV 106.2 MPH), Distance : 391 ft
Batting: LHB Trevor McCoy 0-0: Ball
1-0: Called Strike
1-1: Ball
2-1: Foul Ball, location: 2F
2-2: Ball
3-2: Fly out, F8 (Flyball, 8LXD, EV 110.0 MPH)
Bottom of the 2nd over - 1 run, 1 hit, 0 errors, 0 left on base; El Paso 0 - Reno 1
TOP OF THE 3RD
El Paso Chihuahuas batting - Pitching for Reno Aces : RHP Luke Munson
Batting: SHB Bobby Marcaccio 0-0: Foul Ball, location: 2F
0-1: Reached on error, E3 (Groundball, 3, EV 88.1 MPH)
Pitching: RHP Chow Ellis
Batting: RHB Israel Soto 0-0: Ball
1-0: Called Strike
1-1: DOUBLE (Groundball, 3L, EV 99.4 MPH)
Bobby Marcaccio to third
Batting: RHB Val Arias 0-0: Called Strike
0-1: Foul Ball, location: 2F
0-2: Ball
1-2: Ball
2-2: Ball
3-2: Strikes out swinging
Batting: LHB Hayden Spease 0-0: Foul Ball, location: 2F
0-1: Ball
1-1: Foul Ball, location: 2F
1-2: Foul Ball, location: 2F
1-2: Strikes out swinging
Batting: LHB Oliver Barrett 0-0: Ground out U3 (Groundball, 3, EV 106.2 MPH)
Top of the 3rd over - 0 runs, 1 hit, 1 error, 2 left on base; El Paso 0 - Reno 1
BOTTOM OF THE 3RD
Reno Aces batting - Pitching for El Paso Chihuahuas : RHP Jake Hollingshead
Batting: RHB Kirby Myers 0-0: Called Strike
0-1: Fly out, F8 (Flyball, 89XD, EV 103.8 MPH)
Batting: LHB Erik Long 0-0: Called Strike
0-1: Ground out 4-3 (Groundball, 4, EV 88.1 MPH)
Batting: RHB Tyler Russman 0-0: Ball
1-0: Fly out, F7 (Flyball, 7, EV 91.9 MPH)
Bottom of the 3rd over - 0 runs, 0 hits, 0 errors, 0 left on base; El Paso 0 - Reno 1
TOP OF THE 4TH
El Paso Chihuahuas batting - Pitching for Reno Aces : RHP Chow Ellis
Batting: RHB D.J. Sayles 0-0: Called Strike
0-1: SINGLE (Line Drive, 5L, EV 98.8 MPH)
Batting: LHB Lorenzo Bustos 0-0: Called Strike
0-1: Ball
1-1: Foul Ball, location: 2F
1-2: Ball
2-2: Strikes out looking
Batting: LHB Hernando Rodríguez 0-0: Foul Ball, location: 2F
0-1: Swinging Strike
0-2: Foul Ball, location: 2F
0-2: Foul Ball, location: 2F
0-2: Ball
1-2: Ball
2-2: Fielders Choice at 2nd, 4-6 (Groundball, 34, EV 83.8 MPH)
Batting: RHB Shannan Bjork 0-0: Ball
1-0: Ball
2-0: Ball
3-0: Called Strike
3-1: SINGLE (Line Drive, 34, EV 97.5 MPH)
Hernando Rodríguez to second
Runner from 2nd tries for 3rd, SAFE, no throw by RF
Batting: SHB Bobby Marcaccio 0-0: Fly out, F9 (Flyball, 89M, EV 96.2 MPH)
Top of the 4th over - 0 runs, 2 hits, 0 errors, 2 left on base; El Paso 0 - Reno 1
BOTTOM OF THE 4TH
Reno Aces batting - Pitching for El Paso Chihuahuas : RHP Jake Hollingshead
Batting: LHB Tyler Lyon 0-0: Ground out 4-3 (Groundball, 4, EV 100.6 MPH)
Batting: RHB Simon Frank 0-0: Foul Ball, location: 2F
0-1: Ball
1-1: Ball
2-1: Ball
3-1: Foul Ball, location: 2F
3-2: Ground out 5-3 (Groundball, 56S, EV 80.0 MPH)
Batting: LHB Zach Naquin 0-0: Ball
1-0: Called Strike
1-1: Ball
2-1: Foul Ball, location: 2F
2-2: Ball
3-2: Strikes out looking
Bottom of the 4th over - 0 runs, 0 hits, 0 errors, 0 left on base; El Paso 0 - Reno 1
TOP OF THE 5TH
El Paso Chihuahuas batting - Pitching for Reno Aces : RHP Chow Ellis
Batting: RHB Israel Soto 0-0: Fly out, F6 (Popup, 6S, EV 80.0 MPH)
Batting: RHB Val Arias 0-0: Called Strike
0-1: Foul Ball, location: 2F
0-2: Ball
1-2: Ball
2-2: Ground out 1-3 (Groundball, 15S, EV 68.1 MPH)
Batting: LHB Hayden Spease 0-0: Ball
1-0: Called Strike
1-1: Foul Ball, location: 2F
1-2: Strikes out swinging
Top of the 5th over - 0 runs, 0 hits, 0 errors, 0 left on base; El Paso 0 - Reno 1
BOTTOM OF THE 5TH
Reno Aces batting - Pitching for El Paso Chihuahuas : RHP Jake Hollingshead
Batting: LHB Richard Geller 0-0: Foul Ball, location: 2F
0-1: Called Strike
0-2: Foul Ball, location: 2F
0-2: Ball
1-2: Strikes out looking
Batting: RHB Glenn Finley 0-0: Ball
1-0: Fly out, F8 (Flyball, 8RM, EV 82.5 MPH)
Batting: LHB Trevor McCoy 0-0: Called Strike
0-1: Called Strike
0-2: Strikes out swinging
Bottom of the 5th over - 0 runs, 0 hits, 0 errors, 0 left on base; El Paso 0 - Reno 1
TOP OF THE 6TH
El Paso Chihuahuas batting - Pitching for Reno Aces : RHP Chow Ellis
Batting: LHB Oliver Barrett 0-0: Ball
1-0: Called Strike
1-1: Ground out 5-3 (Groundball, 56, EV 85.6 MPH)
Batting: RHB D.J. Sayles 0-0: Ball
1-0: Ball
2-0: Ground out 4-3 (Groundball, 4, EV 85.0 MPH)
Batting: LHB Lorenzo Bustos 0-0: Called Strike
0-1: Swinging Strike
0-2: Foul Ball, location: 2F
0-2: Foul Ball, location: 2F
0-2: Ball
1-2: Strikes out swinging
Top of the 6th over - 0 runs, 0 hits, 0 errors, 0 left on base; El Paso 0 - Reno 1
BOTTOM OF THE 6TH
Reno Aces batting - Pitching for El Paso Chihuahuas : RHP Jake Hollingshead
Batting: RHB Kirby Myers 0-0: Ball
1-0: Ball
2-0: SOLO HOME RUN (Flyball, 7D, EV 98.1 MPH), Distance : 373 ft
Batting: LHB Erik Long 0-0: Ball
1-0: Foul Ball, location: 2F
1-1: Foul Ball, location: 2F
1-2: Fly out, F8 (Line Drive, 8RD, EV 89.4 MPH)
Batting: RHB Tyler Russman 0-0: Ball
1-0: Foul Ball, location: 2F
1-1: Foul Ball, location: 2F
1-2: Ground out 5-3 (Groundball, 5, EV 86.9 MPH)
Batting: LHB Tyler Lyon 0-0: Swinging Strike
0-1: Foul Ball, location: 2F
0-2: Ball
1-2: Foul Ball, location: 2F
1-2: Ball
2-2: Ground out U3 (Groundball, 3, EV 85.6 MPH)
Bottom of the 6th over - 1 run, 1 hit, 0 errors, 0 left on base; El Paso 0 - Reno 2
TOP OF THE 7TH
El Paso Chihuahuas batting - Pitching for Reno Aces : RHP Chow Ellis
Batting: LHB Hernando Rodríguez 0-0: SINGLE (Line Drive, 8RS, EV 98.1 MPH)
Pitching: RHP Ricky Towns
Batting: RHB Shannan Bjork 0-0: Swinging Strike
0-1: Ball
1-1: Sac Bunt to P - play at first, batter OUT! 1-4
Hernando Rodríguez to second
Batting: SHB Bobby Marcaccio 0-0: Called Strike
0-1: Swinging Strike
0-2: Strikes out looking
Batting: RHB Israel Soto 0-0: Ball
1-0: Called Strike
1-1: SINGLE (Groundball, 34D, EV 98.1 MPH)
Hernando Rodríguez to third
Runner from 3rd tries for Home, SAFE, throw by RF to home
Batting: RHB Val Arias 0-0: Ground out 4-3 (Groundball, 4, EV 76.9 MPH)
Top of the 7th over - 1 run, 2 hits, 0 errors, 1 left on base; El Paso 1 - Reno 2
BOTTOM OF THE 7TH
Reno Aces batting - Pitching for El Paso Chihuahuas : RHP Jake Hollingshead
Batting: RHB Simon Frank 0-0: Foul Ball, location: 2F
0-1: Foul Ball, location: 2F
0-2: Strikes out swinging
Batting: LHB Zach Naquin 0-0: Fly out, F9 (Line Drive, 9, EV 95.6 MPH)
Batting: LHB Richard Geller 0-0: Ball
1-0: Swinging Strike
1-1: Ball
2-1: Ball
3-1: Foul Ball, location: 2F
3-2: Ground out 1-3 (Groundball, 34S, EV 66.2 MPH)
Bottom of the 7th over - 0 runs, 0 hits, 0 errors, 0 left on base; El Paso 1 - Reno 2
TOP OF THE 8TH
El Paso Chihuahuas batting - Pitching for Reno Aces : RHP Ricky Towns
Batting: LHB Hayden Spease 0-0: Called Strike
0-1: Foul Ball, location: 2F
0-2: Ball
1-2: Ball
2-2: Foul Ball, location: 2F
2-2: SINGLE (Groundball, 4MD, EV 106.2 MPH)
Batting: LHB Oliver Barrett 0-0: Sac Bunt to 15S - play at first, batter safe!
Hayden Spease to second
Batting: RHB D.J. Sayles 0-0: Foul Ball, location: 2F
0-1: Swinging Strike
0-2: Ball
1-2: Ball
2-2: Foul Ball, location: 2F
2-2: Strikes out swinging
Pitching: LHP Curt Cunningham
Batting: RHB Edwin Gonzalez 0-0: Swinging Strike
0-1: Ball
1-1: Ball
2-1: Foul Ball, location: 2F
2-2: SINGLE (Line Drive, 9LS, EV 86.2 MPH)
Hayden Spease to third
Oliver Barrett to second
Runner from 3rd tries for Home, throw by RF and OUT! 9-2
Batting: LHB Hernando Rodríguez 0-0: Ball
1-0: Called Strike
1-1: Ball
2-1: Foul Ball, location: 2F
2-2: Strikes out looking
Top of the 8th over - 0 runs, 3 hits, 0 errors, 2 left on base; El Paso 1 - Reno 2
BOTTOM OF THE 8TH
Reno Aces batting - Pitching for El Paso Chihuahuas : RHP Jake Hollingshead
Batting: RHB Glenn Finley 0-0: Ball
1-0: Called Strike
1-1: Foul Ball, location: 2F
1-2: Strikes out looking
Batting: LHB Trevor McCoy 0-0: Ball
1-0: Ball
2-0: Ball
3-0: Called Strike
3-1: Base on Balls
Batting: RHB Kirby Myers 0-0: Ball
1-0: Ball
2-0: Called Strike
2-1: Called Strike
2-2: Ball
3-2: Strikes out swinging
Batting: LHB Erik Long 0-0: Swinging Strike
0-1: Ball
1-1: Swinging Strike
1-2: Strikes out looking
Bottom of the 8th over - 0 runs, 0 hits, 0 errors, 1 left on base; El Paso 1 - Reno 2
TOP OF THE 9TH
El Paso Chihuahuas batting - Pitching for Reno Aces : LHP Curt Cunningham
Pitching: RHP Bradley McSween
Now in LF: Simon Frank
Now in CF: John Cockburn
Batting: RHB Shannan Bjork 0-0: Ball
1-0: Ball
2-0: Foul Ball, location: 2F
2-1: Called Strike
2-2: Strikes out looking
Batting: SHB Bobby Marcaccio 0-0: Ball
1-0: Ball
2-0: Foul Ball, location: 2F
2-1: Called Strike
2-2: Strikes out swinging
Pinch Hitting: LHB Jace Payne 0-0: Ball
1-0: SOLO HOME RUN (Flyball, 89XD, EV 104.4 MPH), Distance : 418 ft
Batting: RHB Val Arias 0-0: Ball
1-0: Called Strike
1-1: Ball
2-1: Ball
3-1: Base on Balls
Batting: LHB Hayden Spease 0-0: Ball
Val Arias steals 2nd base
1-0: Swinging Strike
1-1: TRIPLE (Flyball, 9LD, EV 95.6 MPH)
Val Arias scores
Batting: LHB Oliver Barrett 0-0: Called Strike
0-1: Ground out 6-3 (Groundball, 6, EV 78.1 MPH)
Top of the 9th over - 2 runs, 2 hits, 0 errors, 1 left on base; El Paso 3 - Reno 2
BOTTOM OF THE 9TH
Reno Aces batting - Pitching for El Paso Chihuahuas : RHP Jake Hollingshead
Pitching: LHP Jon Neitz
Now at 2B: Val Arias
Now at SS: Joe Broomell
Batting: RHB Tyler Russman 0-0: Foul Ball, location: 2F
0-1: Foul Ball, location: 2F
0-2: Ball
1-2: Strikes out swinging
Batting: RHB John Cockburn 0-0: Ball
1-0: Foul Ball, location: 2F
1-1: Ball
2-1: Foul Ball, location: 2F
2-2: Foul Ball, location: 2F
2-2: Ball
3-2: Base on Balls
Batting: RHB Simon Frank 0-0: Ball
1-0: Foul Ball, location: 2F
1-1: Ball
2-1: Ball
Wild Pitch!
John Cockburn to second
3-1: Foul Ball, location: 2F
3-2: Base on Balls
Pinch Hitting: RHB Hugh Dickow 0-0: Ball
1-0: Called Strike
1-1: Called Strike
1-2: Strikes out swinging
Batting: LHB Richard Geller 0-0: Called Strike
0-1: Foul Ball, location: 2F
0-2: Ball
1-2: Ball
2-2: Ground out 4-3 (Groundball, 4, EV 79.4 MPH)
Bottom of the 9th over - 0 runs, 0 hits, 0 errors, 2 left on base; El Paso 3 - Reno 2
Thursday, May 2nd , 2024 - OOTP Baseball 24.11 Build 85